[Event "SVK ECo-C Extraliga 2021-22"]
[Site "Slovakia"]
[Date "2022.05.07"]
[Round "7.2"]
[White "Kriebel, Tadeas"]
[Black "Kostolansky, Sebastian Lukas"]
[Result "1/2-1/2"]
[ECO "B48"]
[WhiteElo "2519"]
[BlackElo "2395"]
[Annotator "TA"]
[PlyCount "101"]
[EventDate "2021.10.21"]
[EventType "team-tourn"]
[EventCountry "SVK"]
[SourceTitle "playchess.com"]
[Source "ChessBase"]
[SourceQuality "1"]
[TimeControl "40/5400+30:1800+30"]

1. e4 c5 2. Nf3 e6 3. d4 cxd4 4. Nxd4 Nc6 5. Nc3 Qc7 6. Be3 a6 7. Qd2 Nf6 8. f4 d6 9. Be2 Be7 10. O-O-O O-O 11. g4 Nxd4 12. Bxd4 {[%emt 0:01:54] Hoping for g5.} e5 {[%emt 0:04:15] B84: Sicilian Scheveningen: 6 Be2 a6, lines without early Be3.} 13. Bf2 b5 14. g5 b4 {[%emt 0:00:05] White is slightly better.} 15. gxf6 bxc3 16. Qxc3 (16. bxc3 Bxf6 17. Qxd6 Qxc3 $17) 16... Qxc3 17. bxc3 {[%emt 0:00:04] [#]} gxf6 $146 ({Predecessor:} 17... Bxf6 18. Rxd6 Be7 19. fxe5 Bb7 20. Bd3 Bxd6 21. exd6 Rfd8 22. Bg3 f5 23. Re1 Bxe4 24. Bxe4 fxe4 25. Rxe4 {½-½ (51) Gascon del Nogal,J (2475)-Kiselev,P (2303) Lorca 2019}) 18. Bh4 Re8 19. Rhg1+ Kf8 $1 20. Rdf1 (20. Rg2 $5 f5 21. Bxe7+ Rxe7 22. fxe5 (22. Rxd6 Bb7 $11) 22... Rxe5 23. exf5 $14 (23. Rxd6 Bb7 $11)) 20... Be6 (20... f5 $14 21. Bxe7+ Rxe7) 21. f5 $1 $16 Bd7 22. Rg3 {[%emt 0:16:02] Threatens to win with Rfg1.} Bd8 23. Rfg1 {[%emt 0:02:46] White is more active.} (23. Rd1 $1 $16 ) 23... Ke7 $11 24. Rg7 Bb6 {[%emt 0:00:19] ...Be3+ is the strong threat.} 25. R1g3 {[%emt 0:01:12] Against Be3+. Strongly threatening Bh5.} Bc6 26. Bh5 (26. Bc4 $11 Rf8 27. Rxh7 Bxe4 28. Rg6 Be3+ 29. Kd1) 26... Rf8 $17 27. Rxh7 {[%emt 0:00:26] And now Rgg7 would win.} Bxe4 28. Rgg7 Be3+ $1 (28... Bxf5 $6 29. Rxf7+ Ke6 30. Re7+ Kd5 31. Bf3+ Kc4 32. Rc7+ Kb5 33. Bxa8 Rxa8 34. c4+ Ka4 35. c5 $1 Bxc5 36. Rhf7 $11) 29. Kd1 Bd5 (29... Bxf5 $6 30. Bxf7 Bxh7 31. Bd5+ Ke8 32. Bc6+ Kd8 33. Bxa8 $11) 30. Rg6 Bg5 ({Don't play} 30... Bxa2 $6 31. Rxf6 Kd7 32. Ke2 $11 (32. Bxf7 Bxf7 33. Rhxf7+ Rxf7 $11)) 31. Bxg5 fxg5 32. f6+ Kd7 {[%emt 0:00:51] White must now prevent ...Be4.} 33. Rxg5 Rh8 (33... Bxa2 $17 34. Bf3 Rac8) 34. Bg4+ Kc6 35. Bf5 (35. Rgh5 $15 Rxh7 36. Rxh7) 35... Rxh7 36. Bxh7 {[%emt 0:00:02][%mdl 4096] Endgame KRB-KRB} Kd7 37. Bf5+ {[%emt 0:01:21] [#]} Be6 $1 38. Bd3 Rh8 (38... Bxa2 $17 39. c4 Ke6) 39. Bxa6 Rxh2 ({Black should play} 39... Bxa2 $15 40. Rg2 (40. Bb5+ Ke6 $19) 40... Rh4) 40. a4 $11 Rf2 41. Bd3 Rxf6 42. a5 Rh6 43. a6 Rh1+ 44. Kd2 Ra1 45. Rg8 Kc7 46. Ra8 Bc8 47. Ra7+ $1 {[%emt 0:02:28] The position is equal.} Kb6 48. Rxf7 Bxa6 49. Rd7 Kc6 50. Ra7 Kb6 51. Rd7 {[%emt 0:00:13] Weighted Error Value: White=0.18 (very precise) /Black=0.11 (very precise)} 1/2-1/2

[Event "SVK ECo-C Extraliga 2021-22"]
[Site "Slovakia"]
[Date "2022.05.08"]
[Round "7.2"]
[White "Kraus, Tomas"]
[Black "Michalik, Peter"]
[Result "1-0"]
[ECO "D35"]
[WhiteElo "2472"]
[BlackElo "2579"]
[Annotator "TA"]
[PlyCount "97"]
[EventDate "2021.10.21"]
[EventType "team-tourn"]
[EventCountry "SVK"]
[SourceTitle "playchess.com"]
[Source "ChessBase"]
[SourceQuality "1"]
[TimeControl "40/5400+30:1800+30"]

1. c4 e6 2. Nc3 d5 3. d4 Nf6 4. cxd5 exd5 5. Bg5 c6 6. e3 h6 7. Bh4 Be6 {[%emt 0:00:12] D35: Queen's Gambit Declined: Exchange Variation.} 8. Bd3 Nbd7 9. Bg3 Be7 {[%emt 0:08:24] The position is equal.} 10. Nge2 Nh5 {[%emt 0:00:26] [#]} 11. Nf4 $146 ({Predecessor:} 11. Qc2 O-O 12. O-O Nxg3 13. Nxg3 Nf6 14. a3 Bd6 15. b4 Ng4 16. Nce2 Qh4 17. h3 Nxe3 18. fxe3 Bxg3 19. Nxg3 Qxg3 {0-1 (96) Moreto Quintana,A (2092)-Favaloro,A (2354) Trieste 2019}) 11... Nxf4 12. Bxf4 O-O 13. Qd2 Nb6 14. O-O Nc4 15. Bxc4 dxc4 16. e4 Bb4 17. a3 Ba5 18. Rad1 Qh4 19. Bg3 Qh5 20. d5 cxd5 (20... Bxc3 $5 21. bxc3 cxd5 $11) 21. exd5 Rfd8 22. d6 Rac8 23. Rfe1 Rc5 24. Qd4 Bb6 25. Qe4 Rd7 26. Na4 Rd5 (26... Rc6 $14) 27. Rxd5 $16 Qxd5 28. Qxd5 Bxd5 29. Nxb6 axb6 {[%emt 0:00:06][%mdl 4096] Endgame KRB-KRB} 30. Re8+ Kh7 31. f3 Bc6 32. Rc8 {[%emt 0:01:05] White is more active.} g5 {[%emt 0:00:25] [#]} 33. Kf2 $1 h5 34. h3 h4 35. Bh2 Kg6 36. Rg8+ Kf5 37. Ke3 f6 38. Kd4 b5 39. Kc5 Ke6 40. Re8+ Kf5 41. Re2 Rf7 42. Kb6 Rh7 43. Ka7 Rf7 44. Kb8 Rf8+ $2 {[%emt 0:00:20][%mdl 8192] [#] Loses the game.} (44... Kg6 $16 {is more resistant.}) 45. Kc7 $18 {[%emt 0:00:57] White is clearly winning.} Rf7+ 46. Re7 Rxe7+ 47. dxe7 Ke6 48. Kd8 Kf7 49. f4 {[%emt 0:01:35] Weighted Error Value: White=0.02 (flawless) /Black=0.24 (precise)} 1-0

[Event "SVK ECo-C Extraliga 2021-22"]
[Site "Slovakia"]
[Date "2022.05.07"]
[Round "7.2"]
[White "Hujbert, Florian"]
[Black "Pulpan, Jakub"]
[Result "1-0"]
[ECO "C48"]
[WhiteElo "2396"]
[BlackElo "2418"]
[Annotator "TA"]
[PlyCount "149"]
[EventDate "2021.10.21"]
[EventType "team-tourn"]
[EventCountry "SVK"]
[SourceTitle "playchess.com"]
[Source "ChessBase"]
[SourceQuality "1"]
[TimeControl "40/5400+30:1800+30"]

1. e4 e5 2. Nf3 Nc6 3. Nc3 Nf6 4. Bb5 Bd6 5. d3 h6 6. h3 {[%emt 0:06:54] C48: Four Knights: 4 Bb5, replies other than 4...Bb4.} a6 7. Bxc6 {[%emt 0:05:55] was the old line (7.Ba4).} dxc6 8. Be3 {[%emt 0:01:05] The position is equal.} Be6 9. a3 Qe7 10. Qe2 {[%emt 0:07:13] [#]} O-O-O $146 ({Predecessor:} 10... c5 11. Nd2 b5 12. a4 b4 13. Nd1 Nd7 14. b3 Nf8 15. Nb2 Bd7 {1-0 (37) Razafindratsima,T (2341)-Sonis,F (2491) Tornelo INT 2021}) 11. b4 Nd7 12. Na4 f5 13. exf5 $1 Bxf5 14. Nd2 Nf6 15. Nc5 Nd5 16. Nde4 {[%emt 0:02:49] Prevents Nc3.} Qf7 17. O-O Qg6 (17... Nf4 $15 18. Qf3 (18. Bxf4 exf4 19. Rae1 Rhe8 $15) 18... g5) 18. Ng3 $11 h5 19. Nxf5 (19. Bd2 {seems wilder.} Nf4 20. Bxf4 exf4 21. Nxf5 Qxf5 22. Qe6+) 19... Qxf5 20. Ne4 Be7 (20... Nf4 {feels hotter.} 21. Qd1 Be7 22. Rb1 Qg6) 21. Ng3 Qf7 22. Bd2 Rde8 23. Rae1 (23. Qxe5 Bxb4 $1 24. Qg5 Be7 $11) 23... Kb8 24. Qe4 g6 25. Qc4 Bd6 26. Re4 Rhf8 27. Bh6 Rh8 28. Bg5 Ref8 29. f3 Qd7 30. Rfe1 Rf7 31. R4e2 Rhf8 32. Bh6 Rh8 33. Bd2 Rg8 34. Rf1 g5 35. Nxh5 Rh7 (35... Rff8 $1 $14) 36. Ng3 $16 b5 37. Qg4 Qf7 38. Qf5 (38. Bxg5 $6 Nf4 $11) 38... Qg7 39. Ne4 Be7 (39... Rh6 {was necessary.} 40. Rc1 (40. Qxg5 $2 Rg6 $19) (40. Bxg5 Rh5 $16) 40... Rf8) 40. Qg4 (40. Nf2 $18) 40... Qg6 (40... Nf4 $16 41. Ree1 Qg6) 41. Qg3 Qe6 (41... Nf4 $16 42. Ree1 Qf7) 42. Qg4 (42. Bxg5 Nc3 $1 43. Rfe1 (43. Nxc3 $2 Rxg5 44. Rxe5 Rxe5 $19) 43... Nxe4 44. Rxe4 Rxg5 45. Rxe5 Rxe5 46. Qxe5 Qxe5 47. Rxe5 Bf6 $17) 42... Qg6 43. Nf2 Bd6 (43... Rh4 $16 {is a better defense.}) 44. Qe4 $18 Nf4 45. Bxf4 gxf4 46. Ng4 c5 (46... Qxe4 $142 47. Rxe4 (47. dxe4 Rhg7 $16) (47. fxe4 Rd8 $16) 47... Rhg7) 47. Qxg6 ({Weaker is} 47. Nxe5 Bxe5 48. Qxe5 Qg3 $11) 47... Rxg6 48. Nxe5 Rg8 (48... Bxe5 $16 49. Rxe5 cxb4) 49. Ng4 {[%emt 0:02:06] And now Nf6 would win.} Rg5 50. c3 cxb4 51. axb4 c5 52. Re6 Rd7 53. Nf6 Rd8 54. bxc5 Rxc5 55. Ne4 Rc6 56. d4 Kb7 57. Rb1 Bf8 58. Re5 Kb6 59. Rf5 Bh6 60. Kf2 Rg6 61. Rb2 Bg7 62. Kf1 ({But not} 62. Rxf4 Rxd4 63. h4 Rc4 $18) 62... Bh6 (62... Rf8 $142) 63. h4 {[%emt 0:00:48][%cal Bh3h4,Bh4h5][%mdl 32] Black must now prevent h5.} Rh8 $2 (63... Rf8) 64. h5 Rc6 65. d5 Rc4 66. Rf6+ Ka5 67. d6 (67. Ra2+ $142 Ra4 {[#]} 68. Nc5 $1 b4 69. c4 $1 Rxa2 70. Rxa6#) 67... Bg7 {[%emt 0:00:29] aiming for ...Rxe4.} 68. Rxf4 Bxc3 69. Ra2+ Kb4 (69... Kb6 $142 70. d7 Rd8 71. Nxc3 Rxc3 72. Rf6+ Kc5) 70. Rxa6 Rxh5 71. d7 Rh1+ 72. Ke2 Re1+ 73. Kf2 Rd1 74. Rd6 Bd4+ 75. Kg3 {[%emt 0:00:30] Weighted Error Value: White=0.17 (very precise) /Black=0.23 (precise)} 1-0

[Event "SVK ECo-C Extraliga 2021-22"]
[Site "Slovakia"]
[Date "2022.05.07"]
[Round "7.2"]
[White "Hrabusa, Matej"]
[Black "Cernousek, Lukas"]
[Result "1/2-1/2"]
[ECO "A48"]
[WhiteElo "2361"]
[BlackElo "2440"]
[Annotator "TA"]
[PlyCount "99"]
[EventDate "2021.10.21"]
[EventType "team-tourn"]
[EventCountry "SVK"]
[SourceTitle "playchess.com"]
[Source "ChessBase"]
[SourceQuality "1"]
[TimeControl "40/5400+30:1800+30"]

1. d4 Nf6 2. Nf3 g6 3. Nbd2 c5 4. e3 Bg7 5. dxc5 Qa5 6. a3 Qxc5 7. b4 Qc7 8. Bb2 O-O 9. Be2 b6 10. O-O Bb7 11. c4 d6 12. Qb3 Nbd7 13. Rac1 Rac8 14. Rc2 {[%emt 0:03:52] A48: 1 d4 Nf6 2 Nf3 g6: Torre, London and Colle Systems.} Qb8 15. Rfc1 Qa8 16. Ne1 Rc7 17. Bf3 Rfc8 18. h3 Ne4 19. Bxg7 Nxd2 20. Rxd2 Kxg7 21. Bxb7 Qxb7 22. Rdc2 Qe4 23. Nf3 a6 {[%emt 0:32:20] [#]} 24. Rc3 $146 ({Predecessor:} 24. Ng5 Qf5 25. f4 h6 26. g4 Qf6 27. Ne4 Qe6 28. Qd3 Nf6 29. Ng3 b5 30. c5 h5 31. gxh5 Qxh3 {0-1 (40) Petrovic,M (2210)-Stankovic,M (2225) Herceg Novi 2001}) 24... Ne5 25. Nxe5 Qxe5 26. R3c2 a5 27. Qd3 axb4 28. axb4 Ra8 29. Qd4 (29. f4 {feels hotter.} Qf6 30. Kf2 Rca7 31. c5) 29... Qxd4 30. exd4 $11 {[%emt 0:00:10][%mdl 4096] Endgame KRR-KRR} Ra4 31. Rb1 Ra3 {[%emt 0:00:08] Threatening ...Rd3.} 32. c5 $1 Kf6 33. Rbc1 Rb3 34. cxd6 Rxc2 35. Rxc2 {[%emt 0:00:07] [#] Black must now prevent d7.} exd6 $15 {[%emt 0:01:18] KR-KR} 36. Rc6 Rxb4 {[%emt 0:00:15] And now ...Ke6 would win.} 37. Rxd6+ Ke7 38. Rc6 Kd7 39. Rf6 Ke7 (39... Rb1+ $11 40. Kh2 Ke7) 40. Rc6 b5 ({Much weaker is} 40... Rxd4 41. Rxb6 h5 42. Kf1 $11) 41. Rb6 Rb1+ ({Don't play} 41... Rxd4 42. Rxb5 h5 43. Kf1 $11) (41... Kd7 $17) 42. Kh2 $11 {[%emt 0:00:11] The position is equal.} b4 43. d5 b3 44. d6+ Ke6 45. h4 h5 46. g3 f6 47. Kg2 g5 48. hxg5 fxg5 49. Kh2 Kd7 (49... g4 $5) 50. Kg2 {[%emt 0:00:00] Weighted Error Value: White=0.05 (flawless) /Black=0.08 (flawless)} 1/2-1/2

[Event "SVK ECo-C Extraliga 2021-22"]
[Site "Slovakia"]
[Date "2022.05.08"]
[Round "7.2"]
[White "Bombek Peter"]
[Black "Balogh, Peter"]
[Result "1/2-1/2"]
[ECO "A45"]
[WhiteElo "2078"]
[BlackElo "2267"]
[Annotator "TA"]
[PlyCount "35"]
[EventDate "2021.10.21"]
[EventType "team-tourn"]
[EventCountry "SVK"]
[SourceTitle "playchess.com"]
[Source "ChessBase"]
[SourceQuality "1"]
[TimeControl "40/5400+30:1800+30"]

1. d4 Nf6 2. Bg5 Ne4 3. Bf4 d5 4. e3 Bf5 5. Nd2 e6 6. Bd3 Nxd2 7. Qxd2 Bxd3 8. Qxd3 c5 {[%emt 0:00:55] A45: Trompowsky Attack.} 9. Nf3 c4 10. Qe2 {[%emt 0:00:42] [#]} Nd7 $146 ({Predecessor:} 10... Nc6 11. O-O Bd6 12. Bxd6 Qxd6 13. e4 O-O 14. Rfe1 Rfd8 15. e5 Qe7 16. Qd2 h6 {1-0 (29) Zinani,A (2240)-Davi,A (2009) Bratto 2008}) 11. O-O Nf6 12. b3 Rc8 {[%emt 0:03:57] [#]} 13. Ne5 (13. bxc4 $1 $16 {Rfb1 is the strong threat.} dxc4 14. e4) 13... Nd7 14. e4 $1 Nxe5 {[%emt 0:04:44] The position is equal.} 15. Bxe5 dxe4 16. Qxe4 ({Don't play} 16. bxc4 f6 17. Rfe1 fxe5 $17) 16... Qd5 17. Qxd5 exd5 18. Rfe1 {[%emt 0:00:51] Weighted Error Value: White=0.10 (very precise) /Black=0.09 (flawless)} 1/2-1/2

[Event "SVK ECo-C Extraliga 2021-22"]
[Site "Slovakia"]
[Date "2022.05.08"]
[Round "7.3"]
[White "Balogh, Csaba"]
[Black "Vymazal, Bronislav"]
[Result "1-0"]
[ECO "B00"]
[WhiteElo "2586"]
[BlackElo "2380"]
[Annotator "TA"]
[PlyCount "95"]
[EventDate "2021.10.21"]
[EventType "team-tourn"]
[EventCountry "SVK"]
[SourceTitle "playchess.com"]
[Source "ChessBase"]
[SourceQuality "1"]
[TimeControl "40/5400+30:1800+30"]

1. e4 b6 2. d4 Bb7 3. Nc3 e6 4. Bd3 Nf6 5. Qe2 Bb4 6. Bd2 {[%emt 0:09:57][%cal Bc1d2,Bd2c3,Bc3g7,Bg7e5][%mdl 32] B00: Queen's Fianchetto Defence, Nimzowitsch Defence.} c5 7. Nf3 Bxc3 8. Bxc3 {[%emt 0:00:20] White is slightly better.} ({Don't play} 8. bxc3 c4 9. Bxc4 Nxe4 $11) 8... c4 9. Bxc4 {[%emt 0:00:09] Strongly threatening e5.} Bxe4 ({Black should try} 9... Nxe4 $14 10. Bb4 d6) 10. d5 $1 $16 {[%emt 0:07:56] [#]} Bxd5 $146 ({Predecessor:} 10... Bg6 11. dxe6 fxe6 12. Bb4 Nc6 13. Ba3 Ne4 14. O-O Qf6 15. Rad1 Rd8 16. Bd3 Nc5 17. Bb5 Ne7 18. Ne5 Nd5 19. Rxd5 exd5 20. Nxd7+ Qe7 21. Nxc5+ Kf7 22. Qxe7+ {1-0 (22) Sorsa,N (2222)-Jarvela,J Naantali 2000}) 11. Bxd5 Nxd5 12. Bxg7 Rg8 13. Be5 Nc6 14. Bg3 Rg7 15. O-O Kf8 16. Rad1 Nde7 17. Ne5 d5 ({Black should play} 17... Nxe5 18. Bxe5 (18. Qxe5 Nf5 $14) 18... Rg6) 18. c4 Rc8 {[%emt 0:00:42] [#]} 19. cxd5 (19. Rfe1 $1 $18) 19... Nxd5 20. Nxc6 Rxc6 21. Rc1 Qc8 22. Qd2 f6 23. Rxc6 Qxc6 24. Rc1 Qe8 25. h3 Kg8 26. Rc4 Rd7 27. Qe2 Kh8 28. Rc6 Re7 29. Rd6 Qf7 30. Kh2 Re8 31. Qb5 Kg7 32. Rd7 Re7 33. Rd8 {[%emt 0:00:05] Black must now prevent Bd6.} Nc7 34. Qc6 {[%emt 0:05:11] White is much more active.} ({Better is} 34. Qa4 $16 {And now Bd6 would win.} e5 35. Qg4+ Qg6 36. Qc8 (36. Qc4 Ne6 $11)) 34... e5 $1 $14 35. Bh4 {[%emt 0:00:08][%cal Oh4f6] Threatens to win with Bxf6+!} Ne6 36. Rd6 $36 {[%emt 0:01:13][%mdl 2048] White is more active.} h6 37. Qc8 Re8 38. Qc4 Ng5 39. Qg4 Re6 {[%emt 0:00:33] [#] This move loses the game for Black.} (39... Qf8 $14 40. Rc6 Re7) 40. Rxe6 $1 $18 Qxe6 (40... f5 $142 41. Re7 fxg4 42. Rxf7+ Kxf7 43. hxg4 Ne6) 41. Bxg5 f5 42. Qh5 hxg5 43. Qxg5+ {[%emt 0:00:00] KQ-KQ} Kh7 (43... Kf7 {was worth a try.} 44. h4 e4) 44. b3 Qf7 (44... f4 $142 45. h4 a6) 45. Kg3 Qe6 $2 (45... Qf8 {is tougher.} 46. h4 Qf7) 46. Kh4 {[%emt 0:00:00] White is clearly winning.} a5 47. g4 fxg4 48. Qh5+ {[%emt 0:00:00] Weighted Error Value: White=0.08 (flawless) /Black=0.27 (precise)} 1-0

[Event "SVK ECo-C Extraliga 2021-22"]
[Site "Slovakia"]
[Date "2022.05.07"]
[Round "7.3"]
[White "Ponizil, Cyril"]
[Black "Haring, Viktor"]
[Result "1-0"]
[ECO "B33"]
[WhiteElo "2490"]
[BlackElo "2259"]
[Annotator "TA"]
[PlyCount "61"]
[EventDate "2021.10.21"]
[EventType "team-tourn"]
[EventCountry "SVK"]
[SourceTitle "playchess.com"]
[Source "ChessBase"]
[SourceQuality "1"]
[TimeControl "40/5400+30:1800+30"]

1. e4 c5 2. Nf3 Nc6 3. d4 cxd4 4. Nxd4 Nf6 5. Nc3 e5 6. Ndb5 d6 7. Bg5 a6 8. Na3 b5 9. Nd5 Be7 10. Bxf6 Bxf6 11. c4 b4 12. Nc2 Rb8 13. Be2 Bg5 {[%emt 0:02:23] B33: Sicilian: Pelikan and Sveshnikov Variations.} 14. O-O O-O 15. Qd3 {[%emt 0:00:14] The main line 15.Qd3 scores better than 15.b3.} Be6 {[%emt 0:09:49] The position is equal.} 16. Bf3 {[%emt 0:00:46] [#]} Qd7 $146 ({Predecessor:} 16... a5 17. Rfd1 Qd7 18. b3 Qa7 19. a3 {½-½ (19) Huerga Leache,M (2446)-Alsina Leal,D (2548) Tossa de Mar 2010}) 17. Rad1 Bd8 18. Nde3 Bb6 19. Qxd6 Qxd6 20. Rxd6 Nd4 21. Nxd4 Bxd4 22. b3 a5 23. Rd1 a4 24. R6xd4 (24. h3 $16) 24... exd4 $11 25. Rxd4 Rfd8 26. Nd5 Kf8 27. Bd1 axb3 28. Bxb3 f6 29. f4 Rbc8 30. Kf2 Rc5 $2 {[%emt 0:00:02] [#]} (30... f5 $14) 31. Nc7 $1 {[%emt 0:01:58][%mdl 512] Weighted Error Value: White=0.08 (flawless) /Black=0.36} 1-0

[Event "SVK ECo-C Extraliga 2021-22"]
[Site "Slovakia"]
[Date "2022.05.07"]
[Round "7.3"]
[White "Malinovsky, Karel"]
[Black "Mrva, Martin"]
[Result "1/2-1/2"]
[ECO "B00"]
[WhiteElo "2473"]
[BlackElo "2383"]
[Annotator "TA"]
[PlyCount "148"]
[EventDate "2021.10.21"]
[EventType "team-tourn"]
[EventCountry "SVK"]
[SourceTitle "playchess.com"]
[Source "ChessBase"]
[SourceQuality "1"]
[TimeControl "40/5400+30:1800+30"]

1. e4 d6 2. d4 a6 3. f4 c5 4. Nf3 cxd4 5. Nxd4 Qc7 (5... e5 $11 6. Nf3 Nc6) 6. Nc3 {[%emt 0:02:11] White is more active. B07: Pirc Defence: Miscellaneous Systems.} (6. c4 $14) 6... e6 7. Be2 b5 8. a3 {[%emt 0:05:30] White is slightly better.} Bb7 9. O-O Nc6 (9... Nf6 $11) 10. Nb3 Nf6 11. Bf3 Be7 12. Qe2 O-O 13. g4 Rfe8 {[%emt 0:03:38][%cal Od6d5] [#]} 14. g5 $146 ({Predecessor:} 14. Be3 Nd7 15. Qf2 Rac8 16. g5 Bf8 17. Bg2 Ba8 18. Rad1 Rb8 19. Ne2 a5 20. Nbd4 Nxd4 21. Bxd4 {1-0 (44) Gunnarsson,J (2315)-Astrom,R (2455) Hafnarfjordur 1997}) 14... Nd7 15. Be3 Nb6 16. Rad1 Na4 17. Nxa4 bxa4 18. Nd2 e5 19. c3 (19. f5 $11 {keeps the balance.}) 19... exf4 $17 20. Bxf4 Ne5 {[%emt 0:00:07] Against Nc4} 21. Bg2 Bc6 22. Qf2 Bd8 23. Rb1 Qb7 24. Qg3 Bb5 25. Rfd1 Bb6+ 26. Kh1 Qa7 27. Bxe5 dxe5 (27... Rxe5 28. Nf3 $11) 28. Nf3 (28. Bf1 $15) 28... Bc4 {[%emt 0:00:50] A strong pair of Bishops.} ({Black should play} 28... Bf2 $17 29. Qg4 Be2) 29. Bh3 (29. Nxe5 $11 Bc7 30. Nc6) 29... Re7 (29... Bf2 $17 30. Qg2 Bb5) 30. Bf1 $2 ({White has to play} 30. Nxe5 $11 Bb5 31. Ng4) 30... Bb3 31. Qg4 Qb7 (31... Bxd1 $19 32. Rxd1 Be3) 32. Re1 Rd8 33. Nh4 (33. Qg2 $17 {was called for.}) 33... g6 34. Qe2 {[%emt 0:00:33] Prevents Bf2.} Red7 (34... Qa7 $19 35. Nf3 Bf2) 35. Nf3 Rd6 36. Rbc1 (36. Qxa6 $17 Qc7 37. Qe2) 36... Qc7 37. h4 (37. Qg2 $17) 37... Qc5 $19 38. Qh2 {[%emt 0:00:39] Inhibits Rd2.} Bd1 $36 {[%emt 0:00:47][%mdl 2048] White is under strong pressure.} 39. Be2 Bxe2 40. Qxe2 (40. Rxe2 $17 Rd1+ 41. Rxd1 Rxd1+ 42. Ne1) 40... Qc8 41. Qg2 {[%emt 0:05:18] Against Qh3+} (41. Qh2 f5 42. Qg2 f4 $17) 41... Rd3 42. Rc2 {[%emt 0:07:22] [#]} (42. Rb1 $142) 42... Qe6 (42... Re3 $1 $19 {...Rdd3 is the strong threat.} 43. Rce2 (43. Rxe3 $2 Bxe3 44. Re2 Rd1+ 45. Ne1 Bf4 $19) 43... Rxe2 44. Rxe2 Rd3) 43. Rd2 {[%emt 0:04:48] [#]} (43. Rce2 $17) 43... Rxd2 $1 44. Nxd2 f5 $2 (44... Rd3 $19 {( -> ...Rh3+)} 45. Nf3 Be3) 45. Qe2 f4 46. Qc4 (46. Kh2 $1 $15) 46... Kf7 $2 (46... Qxc4 $19 47. Nxc4 Bf2) 47. Re2 $11 (47. Nf3 Ke7 48. Qxe6+ (48. Qb4+ Ke8 $17) 48... Kxe6 $15) 47... Ke7 48. Qxe6+ Kxe6 {[%emt 0:00:04][%mdl 4096] Endgame KRB-KRN} 49. Kg2 Rd3 {[%emt 0:02:40] White must now prevent ...Rg3+.} 50. Nf3 Be3 51. Ne1 Rd1 52. Nc2 $2 (52. Kh3 $11) 52... Bc5 $2 ({Black should try} 52... Rg1+ $19 53. Kh2 f3 54. Rxe3 f2) 53. Ne1 Kd6 54. Kf3 Kc6 {[%emt 0:00:37] Hoping for ...Kb5.} 55. Kg2 Kd6 56. Nf3 Be3 57. Rc2 (57. Kh3 $11 {remains equal.}) 57... Rc1 (57... Rb1 $17) 58. Re2 ({Don't blunder} 58. Rxc1 $2 Bxc1 59. Kf2 Bxb2 $19) 58... a5 59. Ne1 Rb1 {[%emt 0:00:48] Strongly threatening ...Kc5.} 60. Nd3 (60. Kf3 $11 {and White is okay.}) 60... Rg1+ $19 61. Kh2 Rg4 62. Kh3 Rg3+ 63. Kh2 Bg1+ 64. Kh1 f3 ({Avoid the trap} 64... Rxd3 $2 65. Kxg1 Kc5 66. Kf1 $19) 65. Rd2 Be3 66. Kh2 Rg4 (66... Rxg5 $142 67. Rf2 Bxf2 68. hxg5 Bh4) 67. Rd1 {[%emt 0:00:17] aiming for Nf2+.} Ke6 {[%emt 0:02:26] And now ...f2 would win.} (67... Rxe4 $2 68. Nf2+ Rd4 69. Ne4+ Kd5 70. Nf6+ Kc4 71. cxd4 $18) ({Inferior is} 67... Rxh4+ 68. Kg3 Bxg5 69. Ne1+ Ke6 70. Nxf3 $11) 68. Kh3 Rg2 $2 ({Better is} 68... Rxe4 $19 {Threatens to win with ...Kf5.} 69. Rf1 f2 70. Nxf2 Rf4) 69. Re1 $11 {[%emt 0:00:51] The position is equal.} Bf4 70. Rf1 Rg3+ 71. Kh2 Rg4+ 72. Kh3 $1 Rg3+ 73. Kh2 Rg4+ 74. Kh3 $1 Rg3+ {[%emt 0:00:08] White happily takes the draw.  Weighted Error Value: White=0.53/Black=0.37} 1/2-1/2

[Event "SVK ECo-C Extraliga 2021-22"]
[Site "Slovakia"]
[Date "2022.05.07"]
[Round "7.3"]
[White "Jurcik, Martin"]
[Black "Leniart, Arkadiusz"]
[Result "1/2-1/2"]
[ECO "C47"]
[WhiteElo "2393"]
[BlackElo "2473"]
[Annotator "TA"]
[PlyCount "41"]
[EventDate "2021.10.21"]
[EventType "team-tourn"]
[EventCountry "SVK"]
[SourceTitle "playchess.com"]
[Source "ChessBase"]
[SourceQuality "1"]
[TimeControl "40/5400+30:1800+30"]

1. e4 e5 2. Nf3 Nc6 3. Nc3 Nf6 4. d4 exd4 5. Nxd4 Bb4 6. Nxc6 bxc6 7. Bd3 d5 8. exd5 O-O 9. O-O cxd5 10. Bg5 c6 11. Qf3 Bd6 {[%emt 0:00:31] 11...Bd6 is setting a new trend.} 12. Rae1 Rb8 13. Nd1 Be6 {[%emt 0:15:11] C47: Scotch Four Knights and Four Knights with 4 g3.} 14. b3 {[%emt 0:08:17] [#] An interesting draw.} {Predecessor:} h6 $146 15. Bxf6 Qxf6 16. Qxf6 gxf6 17. Ne3 a5 18. Nf5 Bxf5 19. Bxf5 a4 20. g3 axb3 21. axb3 {1-0 (58) Hovhannisyan,R (2642)-Karpus,M (2311) Tornelo INT 2020} 1/2-1/2

[Event "SVK ECo-C Extraliga 2021-22"]
[Site "Slovakia"]
[Date "2022.05.07"]
[Round "7.3"]
[White "Berezjuk, Sergej"]
[Black "Straubinger, Daniel"]
[Result "1/2-1/2"]
[ECO "C47"]
[WhiteElo "2382"]
[BlackElo "2352"]
[Annotator "TA"]
[PlyCount "70"]
[EventDate "2021.10.21"]
[EventType "team-tourn"]
[EventCountry "SVK"]
[SourceTitle "playchess.com"]
[Source "ChessBase"]
[SourceQuality "1"]
[TimeControl "40/5400+30:1800+30"]

1. e4 e5 2. Nf3 Nc6 3. Nc3 Nf6 4. d4 exd4 5. Nxd4 Bb4 6. Nxc6 bxc6 7. Bd3 d5 8. exd5 cxd5 {[%emt 0:00:48] 8...0-0 is the fancy move.} 9. O-O O-O 10. h3 {[%emt 0:01:07] C47: Scotch Four Knights and Four Knights with 4 g3.} c6 11. Qf3 Bd6 12. Bf4 {[%emt 0:01:01] The position is equal.} Rb8 13. b3 Qc7 14. Bxd6 Qxd6 15. Rfe1 Bd7 16. Ne2 {[%emt 0:06:53] [#]} a5 $146 ({Predecessor:} 16... c5 17. Rad1 Rfe8 18. Qf4 Qxf4 19. Nxf4 Rxe1+ 20. Rxe1 Kf8 21. c4 d4 22. Re5 Rc8 {½-½ (132) Brkic,A (2592)-Predke,A (2690) Tornelo INT 2021}) 17. c3 Rfe8 18. Qf4 Re5 19. Qd2 c5 20. Bc2 Rbe8 {[%emt 0:04:41] [#] White must now prevent ...Qe6.} 21. Ng3 $1 Qc7 22. Rad1 g6 23. Nf1 Kg7 24. Re3 Bc6 25. Rde1 Rxe3 26. Nxe3 h6 27. Nd1 Rd8 28. Nb2 Bb7 29. Bb1 Qc6 30. f3 Qc7 31. Qf2 Ba6 32. Na4 Rc8 33. Nb2 Rd8 34. Na4 Rc8 35. Nb2 $1 Rd8 {Weighted Error Value: White=0.06 (flawless) /Black=0.08 (flawless)} 1/2-1/2